[Event "*** SCC Grand Prix: Titled Tuesday Blitz"]
[Site "Chess.com"]
[Date "2020.08.25"]
[Round "3"]
[White "suyu28"]
[Black "Miss_JJ20"]
[Result "0-1"]
[WhiteElo "2630"]
[BlackElo "2419"]
[TimeControl "180+1"]
[EndTime "10:32:38 PDT"]
[Termination "Miss_JJ20 won by resignation"]

1. d4 Nf6 2. c4 e6 3. Nf3 b6 4. Nc3 Bb4 5. Bg5 h6 6. Bxf6 Qxf6 7. e3 Bb7 8. Be2 O-O 9. Rc1 d6 10. O-O Bxc3 11. Rxc3 Nd7 12. Rc1 e5 13. d5 a5 14. b3 Qe7 15. e4 Nc5 16. Nd2 Bc8 17. a3 f5 18. exf5 Bxf5 19. Rc3 Rf6 20. Re3 Raf8 21. b4 axb4 22. axb4 Nd7 23. Qb3 Bh7 24. Bg4 Bf5 25. Bf3 g5 26. h3 Qf7 27. Qd1 Kg7 28. Qe2 Ra8 29. Be4 Ra2 30. Qd3 Nf8 31. Bxf5 Rxf5 32. Ne4 Ng6 33. Ng3 Rfxf2 34. Re2 Raxe2 35.
Qxe2 Rxe2 36. Rxf7+ Kxf7 37. Nxe2 Nf4 38. Nc3 Ke7 39.
Ne4 Nd3 40. b5 Nb2 41. Nd2 Kf6 42. Kf2 Kf5 43. Ke3 h5 44. g3 g4 45. h4 Nd1+ 46. Ke2 Nb2 47. Ke3 e4 48. Kd4 e3 49. Kxe3 Ke5 50. Ne4 Nxc4+ 51. Kd3 Nb2+ 52. Ke3 Nd1+ 53. Kd3 Nb2+ 54. Ke3 Nc4+ 55. Kd3 Na3 56. Nc3 Kf5 57. Kd4 Kf6 58. Kd3 Ke5 59. Ne4 Nxb5 60. Ng5 Kxd5 61. Nf7 Ke6 62. Ng5+ Kf5 63. Kc4 c6 64. Nf7 d5+ 65.
Kb4 Nc7 66. Nd8 Ke4 67. Nxc6 d4 68. Kb3 d3 69. Kc3 Nd5+ 70. Kd2 b5 71. Na5 b4 72.
Nb3 Nb6 73. Nc5+ Kd4 74. Nxd3 Nc4+ 75. Ke2 b3 76. Nb4 b2 77. Nc6+ Ke4 78. Na5 b1=Q 79. Nxc4 Qc2+ 80. Nd2+ Kd4 81. Ke1 Qc1+ 82. Ke2 Qc2 83.
Ke1 Ke3 84. Nf1+ Kf3 85. Nd2+ Kxg3 86. Ke2 Kxh4 87. Ke3 Qxd2+ 88. Kxd2 Kg3 89. Ke2 Kh2 90. Kf1 g3 91. Ke2 g2 92. Kf3 0-1

[Event "*** SCC Grand Prix: Titled Tuesday Blitz"]
[Site "Chess.com"]
[Date "2020.08.25"]
[Round "3"]
[White "chito89"]
[Black "Beltraxtor"]
[Result "1-0"]
[WhiteElo "2779"]
[BlackElo "2534"]
[TimeControl "180+1"]
[EndTime "10:32:39 PDT"]
[Termination "chito89 won on time"]

1. Nf3 d5 2. e3 Nf6 3. c4 c6 4. Nc3 a6 5. b3 Bf5 6. Bb2 e6 7. h3 h6 8. d4 Be7 9. Bd3 Bxd3 10. Qxd3 Nbd7 11. O-O O-O 12. Rad1 b5 13. Rc1 Qa5 14. Rc2 Rab8 15. cxd5 cxd5 16. Rfc1 Bd6 17. Nd2 Nb6 18. a3 Bxa3 19. Bxa3 Qxa3 20. Ne2 Rfc8 21. Rc5 Nfd7 22.
Rc7 Rxc7 23. Rxc7 Rc8 24. Rxc8+ Nxc8 25. Qc2 Ncb6 26. Nf3 Qd6 27. Nf4 a5 28. Nd3 a4 29.
bxa4 bxa4 30. Nc5 Qc6 31. Ne1 Nxc5 32. dxc5 Nc4 33. Nd3 a3 34. Qb3 Qa8 35. Nb4 Ne5 36. f4 Nc4 37. c6 Qa7 38. Kf2 Qc5 39. Ke2 g6 40. h4 h5 41. Qc3 a2 42. Nxa2 Qxc6 43. Nb4 Qa4 44. Nc2 Qa2 45. Kf3 Qb1 46. Kg3 Qd1 47. Kf2 Qc1 48. Qd3 Qb2 49. Kg3 Qc1 50.
Kf2 Qd2+ 51. Qxd2 Nxd2 52. Nd4 Kg7 53. Ke2 Ne4 54. Kf3 Kf6 55. Nc6 Nd2+ 56. Ke2 Nc4 57. Kf3 Kf5 58. Ne7+ Kf6 59. Nc6 Nd6 60. Ne5 Ke7 61.
Nc6+ Kd7 62. Ne5+ Kc7 63. g3 Kb6 64. g4 hxg4+ 65. Kxg4 Kc5 66. Kg5 Kb4 67. Kf6 Kc3 68. Nxf7 Nxf7 69. Kxf7 Kd3 70. Kxg6 Kxe3 71. h5 d4 72. h6 d3 73. h7 d2 74. h8=Q d1=Q 75. Qe5+ Kf2 76. Qxe6 Qg1+ 77. Kf7 Qg3 78. f5 Qc7+ 79.
Kg6 Qg3+ 80. Kf7 Qc7+ 81. Qe7 Qc4+ 82. Kg6 Qg4+ 83. Qg5 Qe4 84. Qd2+ Kf3 85. Qd1+ Kf4 86. Qd6+ Kg4 87. Qe6 1-0

[Event "*** SCC Grand Prix: Titled Tuesday Blitz"]
[Site "Chess.com"]
[Date "2020.08.25"]
[Round "3"]
[White "Logman74"]
[Black "AnonymousIM2023"]
[Result "0-1"]
[WhiteElo "2392"]
[BlackElo "2599"]
[TimeControl "180+1"]
[EndTime "10:32:45 PDT"]
[Termination "AnonymousIM2023 won on time"]

1. e4 c5 2. Nf3 Nc6 3. d4 cxd4 4. Nxd4 g6 5. c4 Nf6 6. Nc3 d6 7. Be3 Ng4 8. Nxc6 bxc6 9. Bc1 Qb6 10. Qc2 Bg7 11.
h3 Nf6 12. Be2 O-O 13. O-O Rb8 14. Rb1 Nd7 15. Be3 Qa5 16. Bd2 Qc7 17. b3 a5 18.
Rbd1 Nc5 19. Be3 a4 20. Nxa4 Nxa4 21. bxa4 c5 22. Rb1 Bd7 23. Bd2 Bd4 24. a5 Bc6 25. Kh1 Rxb1 26. Rxb1 Bxf2 27. Rb6 Bd4 28. Bf3 Kg7 29.
Qb3 Ra8 30. a6 Qc8 31. Qa3 Qc7 32. Ba5 Qc8 33. Bc3 Ra7 34. Bxd4+ cxd4 35. Qb2 e5 36. Qa3 Qc7 37. Qb4 Qd7 38. a3 h5 39. a4 h4 40. a5 Qc7 41. c5 dxc5 42. Qxc5 Bd7 43. Qxc7 Rxc7 44. Rb7 Rc1+ 45. Kh2 Bc6 46. Rc7 Ra1 47.
Rxc6 Rxa5 48. Rd6 f5 49. exf5 gxf5 50. Rd7+ Kf6 51. a7 e4 52. Bh5 Ke6 53. Rb7 d3 54. Bf7+ Kd6 55. Bb3 d2 56. Rf7 e3 57. Bd1 Ke5 58. Bf3 f4 59. Rd7 Ke6 60. a8=Q Rxa8 61.
Bxa8 Kxd7 62. Bf3 Kd6 63. Kg1 Kc5 64. Kf1 Kc4 65. Ke2 Kc3 66. Kd1 Kd3 67. Be2+ Kc3 68. Bb5 Kd4 69. Ba6 Ke4 70. Ke2 Ke5 71. Bb7 Kd4 72.
Ba6 Kc3 73. Kd1 Kb4 74. Be2 Kc5 75. Bd3 Kd5 76. Bc2 Ke5 77. Ke2 Kd4 78. Bd1 Kc3 79. Ba4 Kb4 80. Bd7 Ka3 81. Bg4 Kb2 82. Kd1 Kb1 83. Bh5 Kb2 84. Bg6 Kb3 85. Bf5 Kc3 86. Bb1 Kc4 87. Ke2 Kb3 0-1

[Event "*** SCC Grand Prix: Titled Tuesday Blitz"]
[Site "Chess.com"]
[Date "2020.08.25"]
[Round "3"]
[White "AndrewMaco"]
[Black "IMAghasiyevKamal"]
[Result "1/2-1/2"]
[WhiteElo "2718"]
[BlackElo "2429"]
[TimeControl "180+1"]
[EndTime "10:32:46 PDT"]
[Termination "Game drawn by repetition"]

1. e4 e5 2. Nf3 Nc6 3. Bb5 a6 4.
Ba4 Nf6 5. O-O Be7 6. Re1 b5 7. Bb3 d6 8. c3 O-O 9. h3 Bb7 10.
d4 Nd7 11. Nbd2 Bf6 12. Nf1 Re8 13. Ng3 exd4 14. cxd4 Na5 15. Bc2 c5 16. Nh5 cxd4 17.
Nxf6+ Nxf6 18. Qxd4 Nc6 19. Qc3 Rc8 20. Qd2 Ne5 21.
Nxe5 dxe5 22. Bb1 Qb6 23. Qe2 h6 24. Be3 Qe6 25. f3 Nh5 26. Qf2 Qf6 27. Bd3 Nf4 28. Bf1 Red8 29. Rad1 Ne6 30. Rxd8+ Rxd8 31. Rc1 Rc8 32.
Rxc8+ Bxc8 33. Qc2 Qd8 34. Kf2 Nd4 35. Qc5 f6 36. a4 bxa4 37. Qc4+ Be6 38. Qxa4 a5 39. Kg3 Kh7 40. h4 h5 41. Kh2 Qb6 42. Qa3 Qb4 43.
Qxb4 axb4 44. Bd2 b3 45. Kg3 g6 46. Kf2 f5 47. Ke3 f4+ 48. Kd3 g5 49. hxg5 Nc6 50.
Kc3 Kg6 51. Bb5 Nd4 52. Bf1 Kxg5 53. Be1 h4 54. Bf2 h3 55. gxh3 Nxf3 56. Bb5 Bxh3 57. Kxb3 Be6+ 58. Kc3 Kf6 59. Bc6 Ng5 60. b4 Bd7 61.
Bd5 Be6 62. Ba8 f3 63. Kd2 Bc4 64. Ke3 Be2 65. Bh4 Kg6 66. Bc6 Ne6 67. Bg3 Kf6 68.
Bd5 Nd4 69. Bh4+ Kg6 70. Bf2 Kf6 71. Bb7 Nc2+ 72. Kd2 Nxb4 73. Bc8 Nd3 74. Bh4+ Kg6 75. Bf5+ Kh5 76. Bg3 Nf4 77. Ke3 Ng6 78. Kf2 Nf4 79.
Bh2 Kg5 80. Bg3 Nd3+ 81. Ke3 Nf4 82. Bxf4+ exf4+ 83. Kf2 Bd3 84. Bh3 Bxe4 85. Bf1 Kf6 86. Bh3 Ke5 87. Bg4 Kd4 88. Bh3 Ke5 89. Bf1 Kd4 90.
Bh3 Ke5 1/2-1/2

[Event "*** SCC Grand Prix: Titled Tuesday Blitz"]
[Site "Chess.com"]
[Date "2020.08.25"]
[Round "3"]
[White "Ranindu2003"]
[Black "Kaua18"]
[Result "0-1"]
[WhiteElo "2599"]
[BlackElo "2411"]
[TimeControl "180+1"]
[EndTime "10:32:55 PDT"]
[Termination "Kaua18 won by resignation"]

1. e4 c5 2. Nf3 Nc6 3. Bb5 g6 4.
Bxc6 dxc6 5. d3 Bg7 6. h3 Nf6 7.
Nc3 O-O 8. O-O Nd7 9. Be3 Re8 10. Qd2 e5 11. Nh2 Nf8 12. Bxc5 Ne6 13. Be3 f5 14.
exf5 gxf5 15. f4 exf4 16. Bxf4 Nxf4 17. Qxf4 Qd4+ 18. Kh1 Qxf4 19. Rxf4 Bxc3 20. bxc3 Re2 21. Rc1 Bd7 22. Nf3 Rae8 23. Nd4 Re1+ 24. Rxe1 Rxe1+ 25. Kh2 Ra1 26. Nf3 Rxa2 27. Rd4 Be8 28. Rd8 Kf7 29. Nd4 b5 30. Kg3 c5 31. Nxf5 Rxc2 32. Ra8 Bc6 33. Rxa7+ Kf6 34. Ne3 Re2 35. Kf4 Bxg2 36. Ra6+ Kf7 37.
h4 Bh3 38. Rd6 b4 39. cxb4 cxb4 40. Rb6 Rd2 41. Ke4 Rb2 42. Nc4 Rb3 43. Ne5+ Kg7 44. h5 Bg2+ 45. Kf5 Rb1 46. Ra6 Rf1+ 47. Kg5 b3 48. Ra7+ Kg8 49. Rc7 Bd5 50. Rc8+ Rf8 51. Rc5 Be6 52. Rb5 Rf5+ 53. Kh4 b2 54. Rb8+ Kg7 55.
Nc6 Rf4+ 56. Kg3 Rg4+ 57. Kf3 Rg5 58. Nd8 Bd5+ 59. Kf4 Rxh5 60. Rb5 b1=Q 61. Rxb1 Rh4+ 62. Kg5 Rh2 63. Rb5 Rg2+ 64. Kf4 Bg8 65. Rb7+ Kh8 66. Nc6 h5 67. Ne7 h4 68. Rb5 Bf7 69. Nf5 h3 70.
Ng3 h2 71. Rb1 Bd5 72. Nf5 Rg1 73. Rb8+ Bg8 74. Rd8 h1=Q 75. Ke5 Qh2+ 76. Kf6 Rf1 77. Kg6 Rxf5 78. Kxf5 Qf2+ 79. Ke5 Qe3+ 80. Kf6 Qf4+ 81. Ke7 Qe5+ 82. Kd7 Qb5+ 83. Kc8 Qc6+ 84. Kb8 Kg7 85. Rc8 Qb6+ 86. Ka8 Bd5+ 0-1

[Event "*** SCC Grand Prix: Titled Tuesday Blitz"]
[Site "Chess.com"]
[Date "2020.08.25"]
[Round "3"]
[White "korkmaz16"]
[Black "Noam_Vitenberg"]
[Result "1/2-1/2"]
[WhiteElo "2303"]
[BlackElo "2503"]
[TimeControl "180+1"]
[EndTime "10:32:58 PDT"]
[Termination "Game drawn by repetition"]

1. e4 e5 2. Nf3 Nc6 3. d4 exd4 4. Nxd4 Nf6 5. Nxc6 bxc6 6. e5 Qe7 7. Qe2 Nd5 8.
c4 Nb6 9. Nc3 Bb7 10. Qe4 O-O-O 11. Bd3 c5 12. Qe2 Re8 13. f4 f6 14. O-O fxe5 15. fxe5 Qxe5 16. Qxe5 Rxe5 17. Bf4 Re8 18. Nb5 d6 19. Nxa7+ Kb8 20. Nb5 Be7 21. Rae1 Bf6 22. b3 Nd7 23. a4 Ne5 24. Be4 Bxe4 25. Rxe4 Nd3 26. Re3 Rxe3 27. Bxe3 Re8 28. Rf3 Ne1 29. Rh3 Nc2 30. Bf2 h6 31. Rd3 Nb4 32. Re3 Rf8 33.
Rf3 Re8 34. Nc3 Nc2 35. Nd5 Bd4 36. g3 Re1+ 37. Kg2 Re2 38. Kf1 Rd2 39. Bxd4 Nxd4 40. Rf8+ Kb7 41. Rf7 Nxb3 42. Rxc7+ Kb8 43. Rxg7 Rxh2 44.
Rg6 Nd2+ 45. Kg1 Nf3+ 46. Kf1 Nd2+ 47. Kg1 Nf3+ 48. Kf1 Ra2 49. Rxd6 Nd2+ 50. Kg1 Nxc4 51. Rxh6 Rd2 52. Nb6 Ne3 53. Nd7+ Kc7 54. Nxc5 Rg2+ 55. Kh1 Rxg3 56. Ne6+ Kb7 57. Nc5+ Ka7 58. Ne4 Rg4 59. Nf2 Rxa4 60. Re6 Nf5 61. Nd3 Rd4 62. Nc5 Rd5 63. Ne4 Rd4 64. Kg2 Ne3+ 65. Kf3 Nd5 66. Rd6 Rd3+ 67. Ke2 Nf4+ 68. Kf2 Rh3 69. Rf6 Nd5 70. Rf5 Ne3 71. Rf3 Ng4+ 72. Kg2 Rh8 73. Kg3 Ne5 74.
Rf5 Nc6 75. Rf7+ Kb6 76. Rf6 Kc7 77. Ng5 Rg8 78. Kf4 Re8 79. Ne6+ Kb7 80. Nc5+ Kb6 81. Nd7+ Kc7 82. Nf8 Re1 83. Ne6+ Kc8 84. Nc5 Ne7 85. Ra6 Kc7 86. Ne6+ Kd7 87. Nc5+ Ke8 88. Ne4 Nd5+ 89. Ke5 Nc7 90. Rc6 Kd7 91. Rd6+ Ke7 92. Rc6 Kd7 93. Rd6+ Kc8 94. Rc6 Kb7 95. Rc2 Na6 96. Rb2+ Ka7 97. Kd5 Rd1+ 98. Kc6 Rc1+ 99. Kd5 Rd1+ 100. Ke5 Re1 101. Kf4 Rf1+ 102. Ke5 Re1 1/2-1/2

[Event "*** SCC Grand Prix: Titled Tuesday Blitz"]
[Site "Chess.com"]
[Date "2020.08.25"]
[Round "3"]
[White "jefferyx"]
[Black "Alexsur1981"]
[Result "1/2-1/2"]
[WhiteElo "2904"]
[BlackElo "2655"]
[TimeControl "180+1"]
[EndTime "10:33:15 PDT"]
[Termination "Game drawn - insufficient material"]

1. d4 d6 2. Nf3 Bg4 3. Nbd2 Nd7 4. h3 Bh5 5. g4 Bg6 6. Nh4 e5 7. Nxg6 hxg6 8. c3 c6 9. Bg2 Be7 10. Nc4 Qc7 11. e4 Ngf6 12. Be3 b5 13. Nd2 d5 14. g5 Nxe4 15. Nxe4 dxe4 16. Bxe4 O-O 17. d5 cxd5 18. Qxd5 Nc5 19. Qc6 Rac8 20. Bxc5 Bxc5 21.
Qxc7 Rxc7 22. Rd1 b4 23. c4 Bd4 24. b3 f5 25. gxf6 Rxf6 26. f3 Kh7 27. Ke2 Kh6 28.
Rh2 Ra6 29. Kd3 Rd7 30. Bd5 Rf6 31. Rg2 Rdd6 32. Rg4 Rf5 33. Rd2 Bc3 34. Rf2 g5 35.
Ke2 Rf4 36. Rfg2 Rxg4 37. hxg4 Kg6 38. Rh2 Rd8 39. Kd3 Kf6 40. a3 a5 41. axb4 Bxb4 42.
Rc2 Bc5 43. Ra2 Bb4 44. Rh2 Bc5 45. Ke4 Bb4 46. Ra2 Rd7 47. c5 Bxc5 48. Rxa5 Bd4 49.
Ra6+ Ke7 50. Rg6 Kd8 51. Rxg5 Rc7 52. Rg6 Ke8 53. g5 Kf8 54. Bc4 Rb7 55. Rc6 Ra7 56.
Rc8+ Ke7 57. Kf5 Kd6 58. Rg8 Kc5 59. Ke4 Kb4 60. g6 Kc3 61. Bf7 Ra1 62. Rxg7 Re1+ 63. Kf5 e4 64. Rh7 exf3 65. Rh3 Re3 66. Bc4 Kd2 67. Kg4 Re1 68. Rxf3 Rg1+ 69. Kf5 Bc3 70. Rf4 Rg2 71. Rf3 Rg1 72. Rd3+ Kc2 73. Rf3 Rg2 74. Rf4 Kb2 75. Rg4 Rf2+ 76. Ke6 Bg7 77. Ke7 Kc3 78. Ke8 Rf8+ 79. Ke7 Rf2 80. Be6 Bf8+ 81. Ke8 Bg7 82. Rc4+ Kd3 83. Bf7 Rf6 84. b4 Rxg6 85. Rc7 Rb6 86. b5 Bd4 87. Bc4+ Ke4 88. Kd7 Be5 89. Rc8 Kd4 90. Kd8 Rd6+ 91. Ke8 Rb6 92. Kd7 Rd6+ 93. Ke7 Rb6 94. Be2 Rb7+ 95. Ke6 Rb6+ 96. Kd7 Rd6+ 97. Ke7 Rb6 98. Bf1 Rb7+ 99. Ke6 Rb6+ 100. Kd7 Rd6+ 101. Ke7 Rb6 102. Rc4+ Kd5 103. Rc2 Rb7+ 104. Ke8 Ke6 105. Rc6+ Kf5 106. Bc4 Bd4 107. Be6+ Ke5 108. Bd7 Rxb5 109. Re6+ Kd5 110. Bxb5 Kxe6 1/2-1/2

[Event "*** SCC Grand Prix: Titled Tuesday Blitz"]
[Site "Chess.com"]
[Date "2020.08.25"]
[Round "4"]
[White "Alembong"]
[Black "Volodar_Murzin"]
[Result "0-1"]
[WhiteElo "2458"]
[BlackElo "2666"]
[TimeControl "180+1"]
[EndTime "10:34:24 PDT"]
[Termination "Volodar_Murzin won by resignation"]

1. d4 Nf6 2. Nf3 g6 3. g3 Bg7 4. Bg2 O-O 5. O-O d6 6. b3 Nc6 7. Bb2 e5 8. dxe5 Ng4 9. c4 dxe5 10. Nc3 e4 11. Ng5 Qxg5 0-1

[Event "*** SCC Grand Prix: Titled Tuesday Blitz"]
[Site "Chess.com"]
[Date "2020.08.25"]
[Round "4"]
[White "ChessSwole"]
[Black "rugbyclub"]
[Result "1-0"]
[WhiteElo "2439"]
[BlackElo "2168"]
[TimeControl "180+1"]
[EndTime "10:35:43 PDT"]
[Termination "ChessSwole won by resignation"]

1. d4 Nf6 2. Bf4 d5 3. e3 e6 4. Nd2 Bd6 5. Bg3 O-O 6. Ngf3 b6 7. c4 c5 8. dxc5 bxc5 9. Bd3 Nc6 10. O-O Rb8 11.
b3 d4 12. Bxd6 Qxd6 13. Ne4 Nxe4 14. Bxe4 e5 15. Bxc6 Qxc6 16. Nxe5 Qe4 17. exd4 cxd4 18. Re1 Qf5 19. Nc6 Rb6 20. Ne7+ 1-0

[Event "*** SCC Grand Prix: Titled Tuesday Blitz"]
[Site "Chess.com"]
[Date "2020.08.25"]
[Round "4"]
[White "pedro_nascimento85"]
[Black "nitpicker"]
[Result "0-1"]
[WhiteElo "1939"]
[BlackElo "2212"]
[TimeControl "180+1"]
[EndTime "10:35:45 PDT"]
[Termination "nitpicker won by resignation"]

1. d4 Nf6 2. c4 e6 3. Nc3 Bb4 4. e3 d5 5. Bd3 O-O 6. Ne2 Nbd7 7. a3 Be7 8. O-O c5 9. cxd5 exd5 10. dxc5 Nxc5 11. Bc2 Be6 12. b4 Nce4 13. Bb2 Nd6 14. Ng3 Qd7 15. h3 Rac8 16. Qf3 Nc4 17. Bc1 Ne5 18. Qf4 Rxc3 19. Qxe5 Rxc2 0-1

[Event "*** SCC Grand Prix: Titled Tuesday Blitz"]
[Site "Chess.com"]
[Date "2020.08.25"]
[Round "4"]
[White "stepanosinovsky"]
[Black "mr65"]
[Result "0-1"]
[WhiteElo "2358"]
[BlackElo "2170"]
[TimeControl "180+1"]
[EndTime "10:35:57 PDT"]
[Termination "mr65 won by resignation"]

1. e4 e5 2. Nf3 Nc6 3. Bb5 a6 4. Ba4 Nf6 5. O-O Be7 6. d3 b5 7. Bb3 d6 8. a4 b4 9. c3 Rb8 10. a5 Rb5 11. Ba4 O-O 12. Bxb5 axb5 13.
cxb4 Nxb4 14. Qb3 c5 15. Bd2 Be6 16. Qc2 Nxc2 0-1

[Event "*** SCC Grand Prix: Titled Tuesday Blitz"]
[Site "Chess.com"]
[Date "2020.08.25"]
[Round "4"]
[White "maurito96"]
[Black "Pikachess999"]
[Result "0-1"]
[WhiteElo "2151"]
[BlackElo "2381"]
[TimeControl "180+1"]
[EndTime "10:36:06 PDT"]
[Termination "Pikachess999 won by resignation"]

1. e4 e6 2. d4 d5 3. Nc3 Nf6 4. e5 Nfd7 5. f4 c5 6. Nf3 Nc6 7. Be3 a6 8. Qd2 b5 9. a3 Qa5 10. Ra2 Bb7 11. dxc5 b4 12. axb4 Qxb4 13. Be2 Bxc5 14.
Nd4 0-1

[Event "*** SCC Grand Prix: Titled Tuesday Blitz"]
[Site "Chess.com"]
[Date "2020.08.25"]
[Round "4"]
[White "MarceloPlaya"]
[Black "Phenix2k"]
[Result "0-1"]
[WhiteElo "2367"]
[BlackElo "2111"]
[TimeControl "180+1"]
[EndTime "10:36:37 PDT"]
[Termination "Phenix2k won by resignation"]

1. e4 e5 2. Nf3 Nc6 3. d4 exd4 4.
Bc4 Nf6 5. Ng5 Ne5 6. Qxd4 Nxc4 7. Qxc4 d5 8. exd5 h6 9. Ne4 Nxd5 10. O-O Be7 11. Rd1 c6 12. Nbc3 Be6 13. Nc5 Nxc3 14.
Rxd8+ Rxd8 15. Qf1 Rd1 16. Nxe6 Ne2+ 0-1

[Event "*** SCC Grand Prix: Titled Tuesday Blitz"]
[Site "Chess.com"]
[Date "2020.08.25"]
[Round "4"]
[White "maxip32"]
[Black "NotFischer"]
[Result "1-0"]
[WhiteElo "2425"]
[BlackElo "2175"]
[TimeControl "180+1"]
[EndTime "10:36:47 PDT"]
[Termination "maxip32 won by resignation"]

1. e4 g6 2. d4 Bg7 3. Nc3 c6 4. Nf3 d5 5. h3 Nf6 6. Bd3 dxe4 7.
Nxe4 Nxe4 8. Bxe4 O-O 9. O-O Nd7 10. c4 Qc7 11. Be3 Nf6 12. Bc2 b6 13. Qe2 Re8 14. Rfe1 Ba6 15. Bd3 Rad8 16. Rad1 e6 17. Bg5 h6 18.
Bh4 Rc8 19. b3 c5 20. Bg3 Qb7 21. dxc5 Rxc5 22. b4 Rcc8 23. b5 1-0

[Event "*** SCC Grand Prix: Titled Tuesday Blitz"]
[Site "Chess.com"]
[Date "2020.08.25"]
[Round "4"]
[White "Playgood28"]
[Black "albano87"]
[Result "1-0"]
[WhiteElo "2343"]
[BlackElo "2549"]
[TimeControl "180+1"]
[EndTime "10:36:49 PDT"]
[Termination "Playgood28 won by resignation"]

1. d4 d5 2. c4 e6 3. Nc3 Nf6 4. Bg5 Be7 5. cxd5 exd5 6. Qc2 Nbd7 7.
e3 O-O 8. Nf3 b6 9. Be2 Bb7 10.
Rc1 c5 11. O-O Rc8 12. Qb1 Ne4 13. Bxe7 Qe8 14. Bxf8 Qxf8 15. dxc5 bxc5 16. Nxe4 dxe4 17. Nd2 Ne5 18. Nxe4 Qe7 19. Ng3 Ng6 20. Rfd1 h5 21. Nxh5 Qg5 22. Ng3 Nh4 23. Bf1 f5 24. Qc2 f4 25.
Qc4+ Kh8 26. Qxf4 1-0

[Event "*** SCC Grand Prix: Titled Tuesday Blitz"]
[Site "Chess.com"]
[Date "2020.08.25"]
[Round "4"]
[White "karinachess1"]
[Black "AJSC02"]
[Result "1-0"]
[WhiteElo "2491"]
[BlackElo "2298"]
[TimeControl "180+1"]
[EndTime "10:36:52 PDT"]
[Termination "karinachess1 won by resignation"]

1. e4 c5 2. Nf3 Nc6 3. d4 cxd4 4.
Nxd4 Nf6 5. Nc3 e5 6. Ndb5 d6 7. Nd5 Nxd5 8. exd5 Nb8 9. c4 Be7 10. Be2 O-O 11. O-O a6 12. Nc3 f5 13. f4 exf4 14. Bxf4 Qb6+ 15. Kh1 Qxb2 16. Na4 Qf6 17. Nb6 Ra7 18. Be3 Qe5 19. Bd4 Qe4 20. Nxc8 1-0

[Event "*** SCC Grand Prix: Titled Tuesday Blitz"]
[Site "Chess.com"]
[Date "2020.08.25"]
[Round "4"]
[White "isainz"]
[Black "Logman74"]
[Result "0-1"]
[WhiteElo "2110"]
[BlackElo "2395"]
[TimeControl "180+1"]
[EndTime "10:36:59 PDT"]
[Termination "Logman74 won by resignation"]

1. e4 c5 2. Nf3 d6 3. d4 cxd4 4. Qxd4 a6 5. c4 Nc6 6. Qe3 Nf6 7. Nc3 Bg4 8. Be2 g6 9. h3 Bxf3 10. Bxf3 Bg7 11. O-O O-O 12. Rd1 Nd7 13. Rb1 Nc5 14. b3 b5 15. cxb5 axb5 16. Nxb5 Rxa2 17. b4 Ne6 18. Qb3 Ra6 19. Bg5 Nxg5 0-1

[Event "*** SCC Grand Prix: Titled Tuesday Blitz"]
[Site "Chess.com"]
[Date "2020.08.25"]
[Round "4"]
[White "IvanSoriano1"]
[Black "Ashedu66"]
[Result "1-0"]
[WhiteElo "2575"]
[BlackElo "2187"]
[TimeControl "180+1"]
[EndTime "10:36:59 PDT"]
[Termination "IvanSoriano1 won by resignation"]

1. Nf3 d5 2. d4 Nf6 3. c4 c6 4. Nc3 e6 5. e3 Nbd7 6. Qc2 Be7 7. Bd3 O-O 8. O-O b6 9. Rd1 Bb7 10. b3 Rc8 11. Bb2 Qc7 12. Rac1 Qb8 13. h3 h6 14.
Qe2 c5 15. cxd5 exd5 16. Bf5 Rcd8 17. Na4 Bd6 18. dxc5 bxc5 19. Bxf6 gxf6 20. Bxd7 Rxd7 21. Nxc5 Re8 22. Nxd7 1-0

[Event "*** SCC Grand Prix: Titled Tuesday Blitz"]
[Site "Chess.com"]
[Date "2020.08.25"]
[Round "4"]
[White "Sanyura"]
[Black "RaunakSadhwani2005"]
[Result "0-1"]
[WhiteElo "2516"]
[BlackElo "2853"]
[TimeControl "180+1"]
[EndTime "10:37:06 PDT"]
[Termination "RaunakSadhwani2005 won by resignation"]

1. e4 c6 2. Nf3 d5 3. Nc3 Bg4 4. h3 Bxf3 5. Qxf3 Nf6 6. e5 Nfd7 7. e6 fxe6 8. d4 g6 9. Qg4 Bg7 10. Qxe6 Bxd4 11. Bd3 Nc5 12. Qg4 Nxd3+ 13. cxd3 Bg7 14.
Bg5 Qd7 15. Qe2 O-O 16. O-O e5 17. Rae1 Na6 18. f4 exf4 19. Bxf4 Rae8 20. Qd2 Nc5 21. Rxe8 Rxe8 22. Bh6 Bxh6 23. Qxh6 Nxd3 24. Ne2 Qg7 25. Qd2 Nc5 26. Nf4 Ne4 27. Qb4 Qe7 28. Qa4 Qc5+ 29.
Kh2 Rf8 30. Qd1 Qd6 31. Kg1 Rxf4 0-1

[Event "*** SCC Grand Prix: Titled Tuesday Blitz"]
[Site "Chess.com"]
[Date "2020.08.25"]
[Round "4"]
[White "JRenatoMaranhao"]
[Black "LaPorfia"]
[Result "0-1"]
[WhiteElo "2045"]
[BlackElo "2232"]
[TimeControl "180+1"]
[EndTime "10:37:10 PDT"]
[Termination "LaPorfia won by resignation"]

1. d4 Nf6 2. c4 e6 3. Nc3 d5 4. f3 c5 5. e4 dxe4 6. fxe4 cxd4 7. Nb5 Bb4+ 8. Bd2 Bxd2+ 9. Qxd2 Nxe4 10. Qxd4 Qxd4 11. Nxd4 O-O 12. Bd3 Nc5 13. Bc2 Nc6 14.
Nxc6 bxc6 15. Nf3 Ba6 16. b3 Rad8 17. Ke2 e5 18. Rhd1 f6 19. Nd2 Ne6 20. Ne4 Nd4+ 21. Kd2 Nxb3+ 22. Kc3 Nxa1 23. Rxa1 Rd4 24. Nc5 Rxc4+ 25.
Kb3 0-1

[Event "*** SCC Grand Prix: Titled Tuesday Blitz"]
[Site "Chess.com"]
[Date "2020.08.25"]
[Round "4"]
[White "crackcubano"]
[Black "jefferyx"]
[Result "0-1"]
[WhiteElo "2645"]
[BlackElo "2908"]
[TimeControl "180+1"]
[EndTime "10:37:14 PDT"]
[Termination "jefferyx won by resignation"]

1. Nf3 d5 2. c4 d4 3. b4 Bg4 4. Qb3 Nc6 5. a3 a6 6. e3 Bxf3 7. gxf3 Nf6 8. Bb2 e5 9. Be2 g6 10. d3 Bh6 11. e4 Nh5 12. Nd2 Nf4 13. Bf1 Qh4 14. b5 axb5 15. cxb5 Na5 16. Qc2 O-O 17. Nc4 Nxc4 18. Qxc4 c6 19. bxc6 Rac8 20. c7 Ne6 21. Qb5 Rxc7 22. Be2 Rc2 23. Rf1 Nf4 0-1

[Event "*** SCC Grand Prix: Titled Tuesday Blitz"]
[Site "Chess.com"]
[Date "2020.08.25"]
[Round "4"]
[White "AndrewMaco"]
[Black "TokChess"]
[Result "1-0"]
[WhiteElo "2721"]
[BlackElo "2425"]
[TimeControl "180+1"]
[EndTime "10:37:18 PDT"]
[Termination "AndrewMaco won by resignation"]

1. e4 c5 2. Nf3 d6 3. d4 cxd4 4. Nxd4 Nf6 5. Nc3 g6 6. f3 Bg7 7. Be3 Nc6 8. Qd2 O-O 9. O-O-O Nd7 10. h4 Qa5 11. h5 Nb6 12. Kb1 Nxd4 13. Bxd4 Bxd4 14.
Qxd4 Be6 15. hxg6 fxg6 16. Bd3 Rf7 17. a3 Rc8 18. Rde1 Rxc3 19. Qxc3 Qxc3 20. bxc3 Na4 21. c4 Rf8 22. e5 d5 23. cxd5 Bxd5 24. Rh4 Nc5 25. Bc4 1-0

[Event "*** SCC Grand Prix: Titled Tuesday Blitz"]
[Site "Chess.com"]
[Date "2020.08.25"]
[Round "4"]
[White "abfchess"]
[Black "Ceejay271"]
[Result "1-0"]
[WhiteElo "2152"]
[BlackElo "2320"]
[TimeControl "180+1"]
[EndTime "10:37:19 PDT"]
[Termination "abfchess won by resignation"]

1. d4 Nf6 2. Nf3 d5 3. Bg5 Ne4 4. Bf4 c5 5. c3 Nc6 6. e3 Bg4 7.
Be2 e6 8. O-O Qb6 9. Qb3 c4 10.
Qxb6 axb6 11. h3 Bh5 12. g4 Bg6 13. Nbd2 b5 14. a3 Be7 15. Nxe4 Bxe4 16. Nd2 Bg6 17. f3 h5 18. e4 hxg4 19. hxg4 e5 20. dxe5 Bc5+ 21. Kg2 d4 22. cxd4 Nxd4 23. Bxc4 bxc4 24.
Nxc4 Nc2 25. Rac1 Ne3+ 26. Nxe3 1-0

[Event "*** SCC Grand Prix: Titled Tuesday Blitz"]
[Site "Chess.com"]
[Date "2020.08.25"]
[Round "4"]
[White "narutosmith"]
[Black "1f3_2g41-0"]
[Result "1-0"]
[WhiteElo "2288"]
[BlackElo "2434"]
[TimeControl "180+1"]
[EndTime "10:37:25 PDT"]
[Termination "narutosmith won by resignation"]

1. c4 Nf6 2. Nc3 g6 3. g3 Bg7 4. Bg2 e6 5. d3 Ke7 6. e4 Re8 7.
Nge2 Kf8 8. O-O Kg8 9. f4 c5 10. e5 Ng4 11. h3 Nh6 12. Ne4 Nc6 13. g4 b6 14. a3 Qc7 15. b4 Bf8 16. Nf6+ Kh8 17.
Nxe8 Qb8 18. b5 Na5 19. Bxa8 Qxa8 20. Nd6 Bxd6 21. exd6 f6 22. Bb2 Nf7 23. Bxf6+ Kg8 24. f5 Bb7 25. fxg6 hxg6 26. Nf4 Bh1 27. Kh2 Bb7 28. Nxg6 Nxd6 29. Qd2 Qb8 30. Be5 Kh7 31. Qg5 Ne4 32. Qh5+ 1-0

[Event "*** SCC Grand Prix: Titled Tuesday Blitz"]
[Site "Chess.com"]
[Date "2020.08.25"]
[Round "4"]
[White "DarZay"]
[Black "SzMM19"]
[Result "0-1"]
[WhiteElo "2270"]
[BlackElo "2532"]
[TimeControl "180+1"]
[EndTime "10:37:32 PDT"]
[Termination "SzMM19 won by checkmate"]

1. e4 c5 2. Nf3 a6 3. d4 cxd4 4. Nxd4 Nf6 5. Nc3 e5 6. Nb3 Bb4 7. Bd2 Qc7 8. Bd3 d6 9. O-O Bxc3 10. Bxc3 O-O 11. f4 Nbd7 12. fxe5 dxe5 13. Nd2 b5 14. a3 a5 15. Nf3 Ba6 16. Qd2 Bb7 17. Qg5 h6 18. Qg3 b4 19. axb4 axb4 20. Bxb4 Qb6+ 21. Kh1 Qxb4 22. Nxe5 Rxa1 23. Rxa1 Qxb2 24. Rf1 Qxe5 25. Qe3 Bxe4 26. Bxe4 Nxe4 27. Re1 Re8 28. Qg1 Ng3+ 29. hxg3 Qh5+ 30. Qh2 Rxe1# 0-1